Map: Acid Plant LE

Players

PappiJoe

  • Race: Protoss Protoss
  • Spawn Location: 5:00

NXZ - Winner!

  • Race: Zerg Zerg
  • Spawn Location: 11:00

Event: WCS Valencia 2018

VOD

Have the link to the VOD?

Description

Time

  • Played on: July 12, 2018, 8:17 a.m.
  • Length: 13:18

All games in this series

Show
View Real Time Build Order
Export as new Build Order

PappiJoe Protoss 

Build Orders: 1 Gate Expand, Oracle Opening, Phoenix Opening, Archon Immortal, Zealot Archon, Archon Drop 

Get SALT Encoding   

  12  0:00  Probe  
  13  0:13  Probe  
  14  0:19  Pylon  
  14  0:25  Probe  
  15  0:33  Probe  
  15  0:39  Gateway  
  15  0:41  Probe  
  16  0:48  Assimilator  
  17  0:51  Probe  
  18  1:03  Probe  
  19  1:15  Probe  
  20  1:25  Nexus  
  20  1:35  Cybernetics Core  
  20  1:37  Probe  
  21  1:45  Assimilator  
  21  1:50  Probe  
  21  1:53  Pylon  
  22  2:02  Adept, Probe  
  23  2:14  Probe  
  26  2:23  Stargate  
  26  2:26  Probe  
  26  2:29  Adept  
  27  2:35  Probe x2  
  29  2:40  Warp Gate  
  29  2:43  Probe  
  29  2:44  Probe  
  33  2:53  Probe  
  33  2:56  Oracle  
  34  3:00  Probe  
  33  3:07  Probe  
  33  3:09  Adept  
  33  3:12  Probe  
  40  3:17  Assimilator  
  40  3:21  Probe  
  40  3:22  Assimilator  
  40  3:24  Probe  
  42  3:27  Robotics Facility  
  42  3:33  Probe  
  43  3:34  Pylon  
  43  3:37  Probe  
  44  3:45  Probe  
  45  3:49  Probe  
  45  3:52  Phoenix  
  45  3:54  Pylon  
  48  3:58  Probe  
  48  4:01  Twilight Council, Probe  
  50  4:10  Probe  
  50  4:13  Probe  
  52  4:17  Warp Prism  
  52  4:22  Probe  
  55  4:27  Gateway  
  55  4:28  Gateway  
  55  4:32  Gateway  
  55  4:47  Templar Archives  
  55  4:48  Probe x2  
  57  4:59  Observer  
  58  5:00  Charge, Probe  
  58  5:01  Probe  
  60  5:07  Zealot  
  60  5:10  Pylon x2  
  62  5:18  Nexus  
  62  5:20  Pylon  
  62  5:24  Pylon  
  62  5:28  Probe x2  
  64  5:33  High Templar x2  
  64  5:34  High Templar x2  
  72  5:39  Archon x2  
  72  5:44  Probe  
  72  5:48  Gateway  
  73  5:50  Gateway, Probe  
  73  5:52  Gateway x2  
  73  5:56  Probe  
  75  5:57  Immortal  
  75  6:02  Probe  
  80  6:06  Shield Battery  
  80  6:10  Robotics Facility  
  80  6:21  Probe  
  80  6:22  Psionic Storm, Probe  
  80  6:24  Pylon  
  82  6:30  Forge  
  82  6:32  Probe  
  82  6:33  Assimilator  
  82  6:38  Assimilator  
  85  6:41  Immortal  
  85  6:43  Probe  
  85  6:46  Protoss Ground Weapons Level 1  
  87  6:50  Shield Battery  
  87  6:51  Probe  
  87  6:52  Pylon, Probe  
  89  6:56  Probe  
  89  6:59  Immortal  
  94  7:04  Pylon, Probe  
  94  7:06  Probe  
  96  7:16  High Templar x3  
  96  7:17  Probe  
  96  7:18  Probe  
  104  7:25  Probe  
  105  7:30  High Templar  
  105  7:31  Pylon  
  107  7:37  Photon Cannon  
  107  7:38  Zealot x3  
  107  7:39  Photon Cannon  
  113  7:48  Immortal  
  114  7:51  Observer  
  114  7:58  High Templar x2  
  122  8:03  Photon Cannon  
  122  8:05  Shield Battery  
  122  8:08  Immortal  
  122  8:09  Nexus  
  122  8:11  Pylon  
  122  8:19  Probe  
  128  8:20  Probe  
  128  8:27  Pylon  
  128  8:31  Stargate  
  128  8:32  High Templar x2  
  132  8:37  Zealot x6  
  144  8:42  Archon  
  124  9:17  Probe x2  
  114  9:18  Probe  
  114  9:22  Assimilator  
  114  9:23  Pylon  
  123  9:24  Immortal x2, Nexus  
  123  9:29  Probe  
  124  9:33  Probe x2  
  126  9:39  Fleet Beacon  
  126  9:42  Stargate  
  126  9:43  High Templar x2  
  128  9:46  Assimilator  
  128  9:49  Assimilator  
  126  9:53  Pylon  
  126  9:56  Zealot x5  
  128  10:11  Gateway  
  128  10:13  Gateway  
  120  10:17  Stalker x3  
  120  10:18  Zealot x4  
  126  10:30  Archon  
  114  10:37  Zealot  
  114  10:38  Zealot x5  
  119  10:48  High Templar  
  114  10:55  High Templar x3  
  116  11:09  Carrier  
  121  11:14  Carrier x2  
  133  11:22  Gateway  
  133  11:25  Gateway, Probe x2  
  135  11:26  Pylon  
  135  11:35  Observer x2  
  135  11:39  Zealot x2  
  137  11:53  Zealot  
  130  12:00  Archon  
  130  12:01  Archon  
  116  12:02  Zealot x3  
  116  12:03  Zealot x4  
  105  12:17  Nexus  
  99  12:55  Zealot x4  
  99  12:56  Zealot x2  
Show
View Real Time Build Order
Export as new Build Order

NXZ Zerg - Winner!

Build Orders: Hatch First, Lurkers, Roach Hydra 

Get SALT Encoding   

  12  0:00  Drone  
  13  0:08  Drone  
  14  0:16  Overlord  
  14  0:22  Extractor  
  14  0:23  Drone  
  15  0:35  Drone x2  
  17  0:52  Hatchery  
  17  0:55  Drone  
  17  0:59  Drone  
  18  1:09  Extractor  
  17  1:13  Spawning Pool  
  17  1:16  Drone  
  17  1:19  Drone  
  18  1:27  Drone  
  19  1:38  Overlord  
  19  1:49  Drone  
  20  2:00  Zergling x2, Queen  
  23  2:05  Zergling x2, Queen  
  26  2:09  Metabolic Boost  
  26  2:13  Drone  
  27  2:15  Drone  
  27  2:20  Drone  
  29  2:26  Drone  
  30  2:31  Drone  
  31  2:39  Hatchery  
  31  2:42  Drone  
  31  2:48  Queen  
  33  2:53  Overlord  
  33  2:56  Zergling x2  
  35  2:58  Zergling x2  
  35  3:02  Spore Crawler  
  36  3:05  Drone  
  36  3:06  Overlord  
  36  3:12  Drone x2  
  38  3:13  Drone x2  
  38  3:16  Drone  
  38  3:18  Drone  
  42  3:20  Drone  
  42  3:22  Drone  
  44  3:27  Drone  
  44  3:30  Drone  
  44  3:33  Overlord  
  46  3:39  Spore Crawler x2  
  44  3:41  Queen  
  44  3:48  Drone x3  
  49  3:51  Drone  
  49  3:52  Drone  
  49  3:53  Drone  
  52  3:59  Drone x3  
  54  4:05  Extractor  
  54  4:07  Extractor  
  52  4:12  Drone x5  
  52  4:13  Drone  
  52  4:16  Drone x3  
  61  4:21  Lair  
  61  4:27  Spore Crawler  
  61  4:29  Roach Warren  
  61  4:30  Drone  
  60  4:33  Drone x2  
  60  4:37  Overlord  
  62  4:39  Overlord  
  62  4:44  Overlord  
  60  4:57  Overlord  
  60  4:59  Drone x10  
  70  5:05  Drone  
  70  5:09  Queen  
  70  5:10  Roach  
  70  5:11  Roach  
  76  5:16  Roach, Evolution Chamber  
  76  5:18  Glial Reconstitution  
  78  5:21  Roach  
  78  5:22  Roach x2  
  78  5:27  Extractor x2  
  81  5:28  Roach  
  81  5:29  Hydralisk Den, Roach x2  
  81  5:31  Zergling x2  
  81  5:35  Roach x3  
  90  5:39  Overlord  
  90  5:41  Overlord  
  90  5:44  Zerg Missile Weapons Level 1  
  90  5:50  Overseer  
  90  5:56  Overlord  
  90  6:03  Roach x3  
  98  6:04  Roach  
  98  6:07  Drone x8  
  98  6:10  Overlord  
  106  6:17  Lurker Den  
  105  6:27  Hatchery  
  105  6:31  Drone  
  105  6:32  Extractor, Drone  
  105  6:33  Drone x3  
  105  6:34  Drone x4  
  105  6:35  Muscular Augments, Hydralisk x2  
  105  6:37  Hydralisk  
  118  6:43  Hydralisk  
  118  6:44  Hydralisk  
  122  6:52  Overlord x3  
  121  6:59  Extractor  
  118  7:04  Drone  
  118  7:05  Drone x2  
  118  7:06  Overlord x2  
  121  7:13  Overseer  
  121  7:14  Pneumatized Carapace  
  121  7:15  Overlord x2  
  121  7:19  Drone x2  
  121  7:20  Hydralisk, Drone x4  
  129  7:32  Hydralisk x3  
  129  7:36  Hydralisk x5  
  141  7:40  Overlord x2  
  141  7:41  Zergling x2  
  141  7:42  Zergling x6  
  149  7:45  Zerg Missile Weapons Level 2  
  149  7:47  Grooved Spines  
  149  7:50  Zergling x2  
  149  7:51  Zergling x4  
  152  7:53  Zergling x4  
  152  7:55  Spore Crawler  
  152  7:57  Spine Crawler  
  152  8:07  Lurker x3  
  152  8:10  Zergling x2  
  152  8:11  Zergling x20  
  167  8:12  Zergling x2  
  167  8:13  Zergling x2  
  167  8:17  Hydralisk x2  
  172  8:39  Hydralisk x6  
  172  8:40  Hydralisk x2  
  188  8:42  Roach x4  
  153  9:10  Drone x3  
  130  9:20  Roach  
  130  9:21  Roach x5  
  130  9:22  Hydralisk x9  
  158  9:24  Zergling x4  
  158  9:25  Zergling x6, Hatchery  
  160  9:39  Roach x5  
  160  9:40  Infestation Pit  
  169  9:49  Zergling x20  
  176  10:11  Lurker x6  
  180  10:18  Zergling x2  
  180  10:19  Zergling x30  
  196  10:26  Zergling x6  
  167  10:43  Hive  
  167  10:45  Extractor, Spire, Drone x3  
  167  10:47  Hydralisk  
  167  10:48  Hydralisk x4  
  159  10:51  Zergling x2  
  159  10:52  Zergling x22  
  164  11:11  Hydralisk x9  
  164  11:14  Overlord  
  164  11:15  Zergling x2  
  164  11:17  Zerg Melee Weapons Level 1  
  183  11:24  Zergling x2  
  183  11:25  Zergling x14  
  166  11:55  Hydralisk  
  166  11:56  Hydralisk x8  
  164  12:04  Greater Spire  
  164  12:05  Zergling x24  
  132  12:24  Overseer  
  132  12:28  Roach  
  132  12:29  Roach x9  
  152  12:31  Lurker x3  
  152  12:35  Zergling x14  
  152  12:36  Zergling x4  
Tags
 
Add a new tag
Caveats
  • Supply blocks, unpowered buildings, or Contaminate may cause inaccurate times.
  • Supply counts are checked every 10 seconds.